 Seeded DCSS version 0.29-a0-384-g6960b1960d (webtiles) character file.

Game seed: 2674968660393034896 (custom seed)

11 zeratav the Caller (level 2, 0/19 HPs)
             Began as a Merfolk Summoner on May 6, 2022.
             Slain by a jackal (1 damage)
             ... on level 1 of the Dungeon.
             The game lasted 00:00:42 (223 turns).

zeratav the Caller (Merfolk Summoner)                Turns: 223, Time: 00:00:42

Health: 0/19       AC:  2    Str:  8    XL:     2   Next: 25%
Magic:  1/5        EV: 12    Int: 14    God:
Gold:   12         SH:  0    Dex: 14    Spells: 4/5 levels left

rFire   . . .      SeeInvis .   (no weapon)
rCold   . . .      Faith    .   (no shield)
rNeg    . . .      Spirit   .   a - +0 robe
rPois   .          Reflect  .   (no helmet)
rElec   .          Harm     .   (no cloak)
rCorr   .          Rampage  .   (no gloves)
Will    .....                   (no boots)
Stlth   ++........              (no amulet)
HPRegen 0.06/turn               (no ring)
MPRegen 0.09/turn               (no ring)

@: no status effects
A: (nimble swimmer 2), mertail
a: no special abilities


You were on level 1 of the Dungeon.
You visited 1 branch of the dungeon, and saw 1 of its levels.

You collected 12 gold pieces.


Innate Abilities, Weirdness & Mutations

((You are very nimble when in or above water. (Stealth+, EV+, Speed+++)))
Your lower body shifts to a powerful aquatic tail in water.


   Skills:
 - Level 2.6 Dodging
 - Level 2.1 Stealth
 + Level 2.2 Spellcasting
 * Level 4.3 Summonings


You had 4 spell levels left.
You knew the following spells:

 Your Spells              Type           Power      Damage    Failure   Level
a - Summon Small Mammal   Summ           52%        N/A       3%          1

Your spell library contained the following spells:

 Spells                   Type           Power      Damage    Failure   Level
 Call Imp                 Summ           13%        N/A       6%          2
 Call Canine Familiar     Summ           13%        N/A       12%         3
 Summon Guardian Golem    Hex/Summ       7%         N/A       28%         3
 Scorch                   Fire           2%         2d5       34%         2
 Summon Lightning Spire   Summ/Air       7%         N/A       67%         4
 Flame Wave               Conj/Fire      1%         2d4       93%         4
 Summon Cactus Giant      Summ           6%         N/A       99%         6

Inventory:

Hand Weapons
 e - a +0 dagger {short}
   (You took it off a goblin on level 1 of the Dungeon)
 i - a +0 short sword {short}
   (You found it on level 1 of the Dungeon)
Armour
 a - a +0 robe (worn)
 d - a +0 scale mail
   (You found it on level 1 of the Dungeon)
Scrolls
 f - a scroll of vulnerability {unknown}
 g - a scroll of identify {unknown}
Potions
 b - a potion of magic
 c - a potion of might {unknown}
 h - a potion of flight {unknown}

Dungeon Overview and Level Annotations

Branches:
Dungeon (1/15)

Altars:

###...##.........
#...#............
###.#...###.#8###8#
##.....### #.##########
#..###### #..........#
#.......#####.........#
#.#........#..........#
#...##.###.#..hr.....#
#..............@.....#
#.........##.†h#.....#
##.........#.....#......
..............b..#######
††........#......#
######.########...
.#.........# #....
#...........# #.....
.....#.#....(##


You could see 2 jackals, a friendly bat (summoned) and a friendly rat
(summoned).


Message History

Okay, then.
Your quokka bites the jackal.
The jackal dies!
Your bat barely misses the jackal.
The jackal barely misses your quokka. The jackal completely misses your bat.
Your quokka closely misses the jackal.
The jackal bites your quokka. The jackal closely misses your bat.
The jackal closely misses you.
Your bat completely misses the jackal.
Your quokka bites the jackal.
The jackal misses your quokka. The jackal barely misses your bat.
Your bat barely misses the jackal.
The jackal bites you but does no damage.
There is a stone staircase leading down here.
Really attack while wielding nothing?
You hit the jackal but do no damage. Your bat hits the jackal.
Your quokka closely misses the jackal.
The jackal barely misses your quokka. The jackal bites you.
HP[-1]
You take 1 damage, and now have 16/19 hp.
You hit the jackal but do no damage. Your bat misses the jackal.
The jackal barely misses your quokka. The jackal bites your quokka.
The jackal misses you.
Your quokka closely misses the jackal.
Your bat hits the jackal. You barely miss the jackal. Your bat hits the jackal.
The jackal bites your quokka. The jackal closely misses your quokka.
The jackal bites you.
Your bat hits the jackal but does no damage.
Your quokka closely misses the jackal.
The jackal barely misses your quokka.
The jackal bites you but does no damage.
The jackal bites your quokka.
Your quokka dies!
Your quokka's corpse disappears in a puff of smoke!
HP[-1] MP[+1]
You take 1 damage, and now have 15/19 hp.
You closely miss the jackal. Your bat misses the jackal. The jackal bites you.
Your bat hits the jackal but does no damage.
HP[-2]
You take 2 damage, and now have 13/19 hp.
Casting: Summon Small Mammal (safe; 4% risk of failure)
Confirm with . or Enter, or press ? or * to list all spells.
Your bat hits the jackal.
The jackal bites you but does no damage.
The jackal closely misses you. The jackal barely misses you.
Your bat hits the jackal. The jackal closely misses you.
The jackal barely misses you.
Your bat hits the jackal but does no damage.
The jackal closely misses your bat.
MP[-1]
You lost 1 mp, and now have 3/5 mp.
You barely miss the jackal.
Your bat closely misses the jackal.
Your bat misses the jackal. The jackal barely misses you.
The jackal bites you but does no damage.
HP[+1]
You closely miss the jackal.
Your bat completely misses the jackal.
Your bat hits the jackal. The jackal closely misses you. The jackal bites you.
The jackal closely misses you.
Your bat hits the jackal.
HP[-1]
You take 1 damage, and now have 13/19 hp.
You closely miss the jackal.
Your bat barely misses the jackal.
The jackal bites you. The jackal closely misses you. x2
Your bat hits the jackal but does no damage.
The jackal bites you.
* * * LOW HITPOINT WARNING * * *
The jackal barely misses you. The jackal bites you.
* * * LOW HITPOINT WARNING * * *
Your bat misses the jackal.
Your bat closely misses the jackal.
HP[-5]
You take 5 damage, and now have 8/19 hp.
MASSIVE DAMAGE!! (PAUSE)
Casting: Summon Small Mammal (safe; 4% risk of failure)
Confirm with . or Enter, or press ? or * to list all spells.
Your bat disappears in a puff of smoke!
Your bat misses the jackal. The jackal misses you. x2
The jackal barely misses you.
MP[-1]
You lost 1 mp, and now have 2/5 mp.
Casting: Summon Small Mammal (safe; 4% risk of failure)
Confirm with . or Enter, or press ? or * to list all spells.
Your bat disappears in a puff of smoke!
The jackal closely misses you. x2; The jackal completely misses you.
The jackal closely misses you. x2; Your rat bites the jackal.
The jackal dies!
The jackal bites you.
* * * LOW HITPOINT WARNING * * *
HP[-2] MP[-1]
You take 2 damage, and now have 6/19 hp.
You lost 1 mp, and now have 1/5 mp.
You barely miss the jackal.
Your bat barely misses the jackal. x2
The jackal closely misses you.
The jackal bites you but does no damage.
You hit the jackal but do no damage.
Your bat hits the jackal but does no damage.
The jackal bites your bat. The jackal barely misses you.
Your rat barely misses the jackal.
You hit the jackal but do no damage.
Your bat hits the jackal but does no damage.
The jackal bites you.
* * * LOW HITPOINT WARNING * * *
The jackal bites you.
* * * LOW HITPOINT WARNING * * *
The jackal closely misses you. The jackal bites you.
You die...

Action                   || total
-------------------------++-------
Melee: Unarmed           ||    32
 Cast: Summon Small Mamm ||    10
Armor: Robe              ||    11
Dodge: Dodged            ||    36

Levels and vault maps discovered:
D:1:      matt_arrival_grand_opening, layout_rooms,
          ebering_ecumenical_altar_abandoned, serial_corexii_hall,
          chequers_hall_statues_y, corexii_hall_statues_deadend,
          corexii_hall_statues_i, chequers_hall_statues_y

Notes
Turn   | Place    | Note
-------+----------+-------------------------------------------
     0 | D:1      | zeratav the Merfolk Summoner began the quest for the Orb.
     0 | D:1      | Reached XP level 1. HP: 13/13 MP: 3/3
     0 | D:1      | magus.rc [v1.9.6]
   146 | D:1      | Reached XP level 2. HP: 18/19 MP: 3/5
   172 | D:1      | You pick up a book of Scorching and begin reading...
   172 | D:1      | You add the spells Scorch, Flame Wave and Summon Cactus
                  | Giant to your library.
   223 | D:1      | HP: 3/19 [jackal (3)]
   223 | D:1      | HP: 1/19 [jackal (2)]
   223 | D:1      | Slain by a jackal

Vanquished Creatures
  An endoplasm (D:1)
1 creature vanquished.

Vanquished Creatures (collateral kills)
  A dart slug (D:1)
  A giant cockroach (D:1)
  A goblin (D:1)
  A hobgoblin (D:1)
  2 jackals (D:1)
6 creatures vanquished.

Grand Total: 7 creatures vanquished

Table legend:
 A = Non-vault XP
 B = Vault XP
 C = Vault XP percentage of total XP
 D = Non-vault monster count
 E = Vault monster count
 F = Vault count percentage of total count
                 A         B        C        D         E       F
            +---------+---------+-------+---------+---------+-------
      Total |      16 |       0 |   0.0 |       7 |       0 |   0.0
            +---------+---------+-------+---------+---------+-------
        D:1 |      16 |       0 |   0.0 |       7 |       0 |   0.0
            +---------+---------+-------+---------+---------+-------

Illustrated notes

Table legend:
 A = Kills in this place as a percentage of kills in entire the game.
 B = Kills by you in this place as a percentage of kills by you in the entire game.
 C = Kills by friends in this place as a percentage of kills by friends in the entire game.
 D = Other kills in this place as a percentage of other kills in the entire game.
 E = Experience gained in this place as a percentage of experience gained in the entire game.
 F = Experience gained in this place divided by the number of levels of this place that you have seen.
                   A       B       C       D       E      F
               +-------+-------+-------+-------+-------+----------------------
         Total | 100.0 | 100.0 | 100.0 |   N/A | 100.0 |  16.0
       Dungeon | 100.0 | 100.0 | 100.0 |   N/A | 100.0 |  16.0
               +-------+-------+-------+-------+-------+----------------------

Table legend: (Time is in decaauts)
 A = Elapsed time spent in this place.
 B = Non-inter-level travel time spent in this place.
 C = Inter-level travel time spent in this place.
 D = Time resting spent in this place.
 E = Time spent auto-exploring this place.
 F = Levels seen in this place.
 G = Mean time per level.
                   A        B        C        D        E       F      G
               +--------+--------+--------+--------+--------+-----+--------+
         Total |    223 |    223 |      0 |      0 |    159 |   1 |  223.0 |
       Dungeon |    223 |    223 |      0 |      0 |    159 |   1 |  223.0 |
               +--------+--------+--------+--------+--------+-----+--------+

Top non-repeatable levels by time:
     D:1: 223 daAuts
